 Dungeon Crawl Stone Soup version 0.31-a0-202-g547052bce9 (webtiles) character file.

Game seed: 9684795788116490640

301 innerfire43 the Trooper (level 6, -7/49 HPs)
             Began as a Demonspawn Monk on June 26, 2023.
             Was a Priest of Kikubaaqudgha.
             Mangled by an orc
             ... wielding a +0 flail
              (9 damage)
             ... on level 5 of the Dungeon.
             The game lasted 00:06:40 (3605 turns).

innerfire43 the Trooper (Demonspawn Monk)           Turns: 3605, Time: 00:06:41

Health: -7/49      AC:  2    Str: 12    XL:     6   Next: 14%
Magic:  6/6        EV: 16    Int: 16    God:    Kikubaaqudgha [***...]
Gold:   121        SH:  5    Dex: 20    Spells: 5/5 levels left

rFire   . . .        g - +2 dagger (vamp)
rCold   . . .        d - orb {light}
rNeg    . . .        b - +0 robe
rPois   .            (no helmet)
rElec   .            (no cloak)
rCorr   .            (no gloves)
SInv    .            (no boots)
Will    .....        p - amulet of reflection
Stlth   +            q - +6 ring of intelligence
HPRegen 0.28/turn    i - +3 ring of evasion
MPRegen 0.10/turn

%: reflection
@: glowing
A: claws 2, demonic guardian 1, agile 1, mutation resistance 1
a: Renounce Religion, Unearth Wretches


You were on level 5 of the Dungeon.
You worshipped Kikubaaqudgha.
Kikubaaqudgha was most pleased with you.
You visited 1 branch of the dungeon, and saw 5 of its levels.

You collected 261 gold pieces.
You spent 140 gold pieces at shops.

Inventory:

Hand Weapons
 a - a +0 hand axe
 g - a +2 vampiric dagger (weapon)
Missiles
 s - a throwing net
Armour
 b - a +0 robe (worn)
 d - an orb of light (worn)
Jewellery
 i - a +3 ring of evasion (right claw)
 j - a ring of magical power
 p - an amulet of reflection (around neck)
 q - a +6 ring of intelligence (left claw)
Scrolls
 f - 3 scrolls of identify
 l - a scroll of poison
 m - a scroll of fear
 n - a scroll of immolation
 o - a scroll of vulnerability
 r - a scroll of brand weapon
 u - a scroll of teleportation
Potions
 c - a potion of ambrosia
 e - a potion of magic
 h - 2 potions of heal wounds
 k - 2 potions of might


   Skills:
 + Level 4.6 Fighting
 * Level 4.3 Short Blades
 - Level 2.7 Axes
 - Level 2.7 Dodging


You had 5 spell levels left.
You didn't know any spells.
Your spell library contained the following spells:

 Spells                   Type           Power      Damage    Failure   Level
 Kiss of Death            Conj/Necr      0%         2d5       26%         1
 Necrotise                Necr           0%         1d4       26%         1
 Tukima's Dance           Hex            0%         N/A       58%         3
 Vampiric Draining        Necr           0%         2d6       58%         3
 Anguish                  Hex/Necr       0%         N/A       94%         4
 Animate Dead             Necr           0%         N/A       94%         4
 Dispel Undead            Necr           0%         3d6       94%         4
 Passage of Golubria      Tloc           0%         N/A       94%         4
 Borgnjor's Vile Clutch   Necr/Erth      0%         N/A       100%        5
 Yara's Violent Unravell  Hex/Tmut       0%         3d3       100%        5
 Death Channel            Necr           0%         N/A       100%        6


Dungeon Overview and Level Annotations

Branches:
Dungeon (5/15)
 Temple: D:4-7

Altars:
Fedhas
Kikubaaqudgha
Okawaru
Sif Muna

Shops:
D:3 (   D:4 =


Innate Abilities, Weirdness & Mutations

You have very sharp fingernails.
A weak demonic guardian rushes to your aid.
You are agile. (Dex +4, Str/Int -1)
You are somewhat resistant to further mutation.


Message History

Beogh smites you! The orc misses you. The orc barely misses you.
You are too injured to fight recklessly!
You are too injured to fight recklessly!
Unknown command.
You are too injured to fight recklessly!
Okay, then.
You hit the orc priest but do no damage.
The orc priest is almost dead.
You hit the orc priest but do no damage.
The orc priest is almost dead.
The orc priest invokes the aid of Beogh against you.
Beogh smites you!
* * * LOW HITPOINT WARNING * * *
The orc hits you with a +0 flail.
* * * LOW HITPOINT WARNING * * *
A demonic guardian appears!
The orc closely misses you.
You hit the orc priest.
You feel better.
You kill the orc priest!
Kikubaaqudgha accepts your kill. The orc hits you with a +0 flail.
* * * LOW HITPOINT WARNING * * *
The orc closely misses you.
You hit the orc.
The orc is almost dead.
The orc closely misses you. The orc barely misses you.
The orc hits you with a +0 flail!
* * * LOW HITPOINT WARNING * * *
Your quasit closely misses the orc.
Your quasit barely misses the orc.
Your quasit closely misses the orc.
You completely miss the orc.
The orc is almost dead.
Your quasit bites the orc.
Your quasit claws the orc but does no damage.
Your quasit barely misses the orc.
You hit the orc.
You kill the orc!
Kikubaaqudgha accepts your kill. The orc hits you with a +0 flail!
You die...
Kikubaaqudgha rasps: "You have failed me!
Welcome... death!"

#...........#..8.#.#.#
...#####....#.........
.. #....#.........
#....#..8.#.#.#
#....#..#.#.#_# .
#....#..####### ...
+.<..####
.....#####....#
#..o)@......#
#...oo5.....+
#...........#
#...........#
###.........#
#..?..#+### #.....#
#.....+ #.....


You could see 3 orcs and a friendly quasit (summoned).

Vanquished Creatures
  A jelly (D:5)
  A hound (D:5)
  2 orc priests
  An iguana (D:4)
  4 adders
  A worm (D:5)
  2 dart slugs
  8 orcs
  7 ball pythons
  8 endoplasms
  3 giant cockroaches
  7 goblins
  4 hobgoblins
  10 kobolds
  3 quokkas (D:2)
  3 bats
  3 frilled lizards
  10 rats
78 creatures vanquished.

Vanquished Creatures (collateral kills)
  A jelly (D:4)
  An endoplasm (D:1)
2 creatures vanquished.

Grand Total: 80 creatures vanquished

Notes
Turn   | Place    | Note
-------+----------+-------------------------------------------
     0 | D:1      | innerfire43 the Demonspawn Monk began the quest for the
                  | Orb.
     0 | D:1      | Reached XP level 1. HP: 18/18 MP: 1/1
   277 | D:1      | Gained mutation: A weak demonic guardian rushes to your
                  | aid. [demonic ancestry]
   277 | D:1      | Reached XP level 2. HP: 24/24 MP: 2/2
   303 | D:1      | Reached skill level 1 in Short Blades
  1089 | D:2      | Reached XP level 3. HP: 29/29 MP: 3/3
  1940 | D:3      | Found Doagif's Weapon Shop.
  2039 | D:3      | Gained mutation: Armour fits poorly on your strangely
                  | shaped body. [potion of mutation]
  2039 | D:3      | Gained mutation: Your magical capacity is low. (-10% MP)
                  | [potion of mutation]
  2039 | D:3      | Gained mutation: Your system is resistant to poisons.
                  | (rPois) [potion of mutation]
  2040 | D:3      | Lost mutation: Armour fits poorly on your strangely shaped
                  | body. [potion of mutation]
  2040 | D:3      | Lost mutation: Your system is resistant to poisons. (rPois)
                  | [potion of mutation]
  2040 | D:3      | Lost mutation: Your magical capacity is low. (-10% MP)
                  | [potion of mutation]
  2040 | D:3      | Gained mutation: You are dopey. (Int -2) [potion of
                  | mutation]
  2040 | D:3      | Gained mutation: You have a somewhat thin skeletal
                  | structure. (Dex +2, Stealth+) [potion of mutation]
  2041 | D:3      | Lost mutation: You have a somewhat thin skeletal structure.
                  | (Dex +2, Stealth+) [potion of mutation]
  2041 | D:3      | Lost mutation: You are dopey. (Int -2) [potion of mutation]
  2041 | D:3      | Gained mutation: You are agile. (Dex +4, Str/Int -1)
                  | [potion of mutation]
  2041 | D:3      | Gained mutation: You are somewhat resistant to further
                  | mutation. [potion of mutation]
  2077 | D:3      | Found a faded altar of an unknown god.
  2193 | D:3      | Gained mutation: You have sharp fingernails. [demonic
                  | ancestry]
  2193 | D:3      | Reached XP level 4. HP: 24/37 MP: 4/4
  2430 | D:3      | Prayed at the altar of an unknown god.
  2430 | D:3      | Became a worshipper of Kikubaaqudgha
  2430 | D:3      | Reached * piety under Kikubaaqudgha
  2430 | D:3      | Received a gift from Kikubaaqudgha
  2430 | D:3      | Reached ** piety under Kikubaaqudgha
  2581 | D:4      | Reached XP level 5. HP: 14/42 MP: 5/5
  2916 | D:4      | Reached *** piety under Kikubaaqudgha
  2916 | D:4      | Received a gift from Kikubaaqudgha
  3016 | D:4      | Found Bish's One-of-a-Kind Rings.
  3022 | D:4      | Bought a +3 ring of evasion for 140 gold pieces
  3357 | D:5      | Entered Level 5 of the Dungeon
  3441 | D:5      | Gained mutation: You have very sharp fingernails. [demonic
                  | ancestry]
  3441 | D:5      | Reached XP level 6. HP: 21/49 MP: 6/6
  3564 | D:5      | Found an iron altar of Okawaru.
  3564 | D:5      | Found a blossoming altar of Fedhas.
  3569 | D:5      | Found a shimmering blue altar of Sif Muna.
  3603 | D:5      | HP: 1/49 [orc/+0 flail (7)]
  3605 | D:5      | Mangled by an orc

Illustrated notes

Levels and vault maps discovered:
D:1:      amcnicky_arrival_flooded_fountain, layout_loops_corners
D:2:      layout_basic, corexii_hall_statues_x, lexackson_kobold_supper
D:3:      layout_basic, amcnicky_altar_gilded,
          shapermc_ecumenical_altar_hornbeckon, serial_shops,
          nicolae_shop_advertising_works [nicolae_subvault_shop_adworks],
          corexii_item_surrounded_by_moat
D:4:      layout_loops_ring, nicolae_shop_unique_rings
D:5:      layout_gridville, minitemple, mainiacjoe_overflow_alcove_2

Skill      XL: |  1  2  3  4  5 |
---------------+----------------+-----
Short Blades   | 1 2 3 4 |  4.3
Fighting       | 4 |  4.6
Axes           | |  2.7
Dodging        | |  2.7

Action                     |  1- 3 |  4- 6 || total
---------------------------+-------+-------++-------
  Melee: Dagger            |   138 |   117 ||   255
         Hand axe          |    11 |       ||    11
    Use: Potion            |    10 |       ||    10
         Scroll            |       |     8 ||     8
   Stab: Sleeping          |     1 |       ||     1
 Armour: Robe              |    16 |    16 ||    32
  Dodge: Dodged            |    84 |    62 ||   146
  Block: Orb               |       |    19 ||    19
         Reflection        |       |     2 ||     2

Table legend: (Time is in decaauts)
 A = Elapsed time spent in this place.
 B = Non-inter-level travel time spent in this place.
 C = Inter-level travel time spent in this place.
 D = Time resting spent in this place.
 E = Time spent auto-exploring this place.
 F = Levels seen in this place.
 G = Mean time per level.
                   A        B        C        D        E       F      G
               +--------+--------+--------+--------+--------+-----+--------+
         Total |   3565 |   3332 |    233 |      0 |   2658 |   5 |  713.0 |
       Dungeon |   3565 |   3332 |    233 |      0 |   2658 |   5 |  713.0 |
               +--------+--------+--------+--------+--------+-----+--------+

Top non-repeatable levels by time:
     D:1: 1003 daAuts
     D:4: 867 daAuts
     D:2: 732 daAuts
     D:3: 720 daAuts
     D:5: 241 daAuts
